 Dungeon Crawl Stone Soup version 0.21-a0-434-g806c6c2 (webtiles) character file.

32 pskda the Shield-Bearer (level 3, -2/29 HPs)
             Began as a Human Fighter on Nov 8, 2017.
             Slain by Sigmund
             ... wielding a +0 scythe
              (4 damage)
             ... on level 2 of the Dungeon.
             The game lasted 00:04:01 (1008 turns).

pskda the Shield-Bearer (Human Fighter)             Turns: 1008, Time: 00:04:02

Health: -2/29      AC:  6    Str: 17    XL:     3   Next: 45%
Magic:  3/3        EV:  7    Int: 17    God:
Gold:   87         SH:  9    Dex: 12    Spells: 2/2 levels left

rFire    . . .     SeeInvis .   a - +0 long sword
rCold    . . .     Gourm    .   c - +0 shield
rNeg     . . .     Faith    .   b - +0 scale mail
rPois    .         Spirit   .   (no helmet)
rElec    .         Reflect  .   (no cloak)
rCorr    .         Harm     .   (no gloves)
MR       .....                  (no boots)
Stlth    ..........             (no amulet)
HPRegen  0.09/turn              h - +4 ring of intelligence
MPRegen  0.08/turn              (no ring)

@: brilliant
A: no striking features
a: no special abilities


You were on level 2 of the Dungeon.
You were not hungry.

You visited 1 branch of the dungeon, and saw 2 of its levels.

You collected 87 gold pieces.

Inventory:

Hand Weapons
 a - a +0 long sword (weapon)
Armour
 b - a +0 scale mail (worn)
 c - a +0 shield (worn)
Jewellery
 h - a +4 ring of intelligence (left hand)
 l - an uncursed ring of fire {unknown}
Scrolls
 e - a scroll of teleportation {unknown}
 g - 2 scrolls of fear {unknown}
 i - 2 scrolls of identify {unknown}
 k - a scroll of magic mapping {unknown}
 n - a scroll of enchant armour {unknown}
Potions
 d - a potion of might
Comestibles
 f - a bread ration
 j - a meat ration


   Skills:
 + Level 3.3 Fighting
 + Level 2.4 Long Blades
 + Level 3.3 Armour
 + Level 3.3 Shields


You had 2 spell levels left.
You didn't know any spells.

Dungeon Overview and Level Annotations

Branches:
Dungeon (2/15)

Altars:

Annotations:
D:2 Sigmund


Message History

You closely miss the adder.
The adder is almost dead.
Sigmund casts a spell.
Sigmund flickers and vanishes!
Deactivating autopickup; reactivate with Ctrl-A.
You block the adder's attack. Something hits you!
* * * LOW HITPOINT WARNING * * *
The adder bites you but does no damage.
It was a potion of brilliance.
You feel clever all of a sudden. You block the adder's attack.
Your shield and scale mail prevent you from hitting the adder.
The adder is almost dead.
Something hits you.
* * * LOW HITPOINT WARNING * * *
You block the adder's attack. The adder bites you but does no damage.
You miss the adder.
The adder is almost dead.
Something hits you.
You die...

#. ##...#.... #. ..# #....# ##..
##. ...###.#.## #.# ###..
#........# #.###...# .###....#.#
#.....### ........#.# #.#..##
...##.g{..# #.#.## ###
##S#..#####...#####
#@#......##.......
#.###.##.......... #### #.#
#.#####.#..<.. #..#######.# #.#
#...#†.... #........#.###.#
#.#.#..... #.######....##.#
#.#)#..... #.## ###...#.#
#.#.#.....
#######..######..#...###.#.#.....
..†...............##..##.#.######


You could see an adder and a hobgoblin.

Vanquished Creatures
  An adder (D:2)
  A leopard gecko (D:1)
  A ball python (D:2)
  A giant cockroach (D:1)
  2 goblins (D:1)
  3 hobgoblins
  2 jackals (D:2)
  3 bats
  A frilled lizard (D:2)
  3 kobolds
  3 rats
21 creatures vanquished.

Notes
Turn   | Place    | Note
-------+----------+-------------------------------------------
     0 | D:1      | pskda the Human Fighter began the quest for the Orb.
     0 | D:1      | Reached XP level 1. HP: 18/18 MP: 1/1
   142 | D:1      | Reached XP level 2. HP: 23/24 MP: 2/2
   824 | D:2      | Reached XP level 3. HP: 26/29 MP: 3/3
   987 | D:2      | Noticed Sigmund
  1008 | D:2      | Slain by Sigmund

Vault maps used:
D:1:      dpeg_arrival_triangle_fractal, kennysheep_doodads
D:2:      ashenzari_altar_1, first_bread, kennysheep_generic_room_9,
          uniq_sigmund

Action                   || total
-------------------------++-------
Melee: Long sword        ||    77
  Use: Potion            ||     1
Armor: Scale mail        ||    42
Dodge: Dodged            ||    38
Block: Shield            ||    59
       Rpst.: Long sword ||    19

Table legend:
 A = Spawn XP
 B = Non-spawn XP
 C = Spawn XP percentage of total XP
 D = Spawn monster count
 E = Non-spawn monster count
 F = Spawn count percentage of total count
 G = Total turns spent on level
                    A         B        C        D         E        F      G
               +---------+---------+-------+---------+---------+-------+---------
         Total |       0 |      47 |   0.0 |       0 |      21 |   0.0 |  1008
               +---------+---------+-------+---------+---------+-------+---------
           D:1 |       0 |      20 |   0.0 |       0 |      12 |   0.0 |   769
           D:2 |       0 |      27 |   0.0 |       0 |       9 |   0.0 |   239
               +---------+---------+-------+---------+---------+-------+---------
